SL
D.C. DIVIDED @ ATHLETIC CLUB KC
07/30/2032
 
TOP OF THE 1ST
D.C. Divided batting - Pitching for Athletic Club KC : RHP Felipe Aiba
Pitching: RHP Felipe Aiba
Batting: LHB Elmer Hudgins 0-0: Ball
1-0: Ball
2-0: Ground out 4-3 (Groundball, 34)
Batting: RHB Tony Romero 0-0: Called Strike
0-1: Ground out 4-3 (Groundball, 4)
Batting: LHB Yao-pang Chiang 0-0: Ball
1-0: Swinging Strike
1-1: SINGLE (Flyball, 56D)
Batting: RHB Wilbur Davis 0-0: Ball
1-0: Called Strike
1-1: SINGLE (Groundball, 6MD)
Yao-pang Chiang to second
Batting: LHB Obidiah Lewis 0-0: Ball
1-0: Ball
2-0: Ball
3-0: Called Strike
3-1: Foul Ball, location: 2F
3-2: Ground out U3 (Groundball, 34)
Top of the 1st over - 0 runs, 2 hits, 0 errors, 2 left on base; D.C. 0 - Athletic Club KC 0
BOTTOM OF THE 1ST
Athletic Club KC batting - Pitching for D.C. Divided : LHP Bill Oulton
Pitching: LHP Bill Oulton
Batting: RHB Rafael Arredondo 0-0: Called Strike
0-1: Fly out, F7 (Flyball, 7D)
Batting: RHB Jesús Vargas 0-0: Ball
1-0: Swinging Strike
1-1: Ball
2-1: Foul Ball, location: 2F
2-2: Ball
3-2: Ground out 4-3 (Groundball, 4S)
Batting: SHB Pedro Vázquez 0-0: Ball
1-0: Called Strike
1-1: DOUBLE (Flyball, 89XD)
Batting: RHB Andrés Medina 0-0: Ball
1-0: Called Strike
1-1: Ball
2-1: Foul Ball, location: 2F
2-2: Ball
3-2: DOUBLE (Groundball, 5L)
Pedro Vázquez scores
Batting: RHB Karl Schultz 0-0: Called Strike
0-1: Ball
1-1: SINGLE (Groundball, 34D)
Andrés Medina to third
Runner from 3rd tries for Home, SAFE, no throw
Batting: RHB Pedro Solís 0-0: Foul Ball, location: 2F
0-1: Ball
1-1: Ball
2-1: Foul Ball, location: 2F
2-2: DOUBLE (Line Drive, 7LS)
Karl Schultz to third
Runner from 3rd tries for Home, SAFE, no throw
Batting: LHB Wu-shun Chu 0-0: Called Strike
0-1: DOUBLE (Line Drive, 9LM)
Pedro Solís scores
Batting: LHB Pablo Hernández 0-0: Ball
1-0: Foul Ball, location: 2F
1-1: Foul Ball, location: 2F
1-2: Fly out, F7 (Flyball, 7LM)
Bottom of the 1st over - 4 runs, 5 hits, 0 errors, 1 left on base; D.C. 0 - Athletic Club KC 4
TOP OF THE 2ND
D.C. Divided batting - Pitching for Athletic Club KC : RHP Felipe Aiba
Batting: RHB Arturo Rodríguez 0-0: Swinging Strike
0-1: Foul Ball, location: 2F
0-2: Foul Ball, location: 2F
0-2: Ball
1-2: Ball
2-2: Fly out, F8 (Flyball, 78S)
Batting: RHB Brant Thigpen 0-0: Ball
1-0: Foul Ball, location: 2F
1-1: Ball
2-1: SINGLE (Line Drive, 7LS)
Batting: RHB Amon-Ra St. Brown 0-0: Ball
1-0: SINGLE (Line Drive, 6M)
Brant Thigpen to second
Batting: LHB Ryan Marken 0-0: Ball
1-0: SINGLE (Line Drive, 9S)
Brant Thigpen to third
Amon-Ra St. Brown to second
Batting: LHB Elmer Hudgins 0-0: Ball
1-0: Foul Ball, location: 2F
1-1: Swinging Strike
1-2: Ball
2-2: Ground out 4-3 (Groundball, 4S)
Brant Thigpen scores
Amon-Ra St. Brown to third
Ryan Marken to second
Batting: RHB Tony Romero 0-0: Called Strike
0-1: Ball
1-1: SINGLE (Groundball, 4MD)
Amon-Ra St. Brown scores
Ryan Marken to third
Runner from 3rd tries for Home, SAFE, no throw
Batting: LHB Yao-pang Chiang 0-0: Ball
1-0: Ball
2-0: Foul Ball, location: 2F
2-1: Ball
3-1: SINGLE (Groundball, 4D)
Tony Romero to second
Runner from 2nd tries for 3rd, SAFE, no throw
Batting: RHB Wilbur Davis 0-0: Ball
1-0: Fielders Choice at 2nd, 5-4 (Groundball, 5)
Top of the 2nd over - 3 runs, 5 hits, 0 errors, 2 left on base; D.C. 3 - Athletic Club KC 4
BOTTOM OF THE 2ND
Athletic Club KC batting - Pitching for D.C. Divided : LHP Bill Oulton
Batting: RHB Khal Drogo 0-0: Ball
1-0: Called Strike
1-1: Ball
2-1: Foul Ball, location: 2F
2-2: Ground out 1-3 (Groundball, 13S)
Batting: RHB Rafael Arredondo 0-0: Fly out, F7 (Flyball, 7S)
Batting: RHB Jesús Vargas 0-0: Called Strike
0-1: Ball
1-1: Ball
2-1: Ball
3-1: Base on Balls
Batting: SHB Pedro Vázquez 0-0: Called Strike
0-1: Fly out, F8 (Flyball, 8LM)
Bottom of the 2nd over - 0 runs, 0 hits, 0 errors, 1 left on base; D.C. 3 - Athletic Club KC 4
TOP OF THE 3RD
D.C. Divided batting - Pitching for Athletic Club KC : RHP Felipe Aiba
Batting: LHB Obidiah Lewis 0-0: Ball
1-0: Foul Ball, location: 2F
1-1: Ball
2-1: SOLO HOME RUN (Flyball, 89XD), Distance : 462 ft
Batting: RHB Arturo Rodríguez 0-0: Ball
1-0: Ball
2-0: Ground out 6-3 (Groundball, 6)
Batting: RHB Brant Thigpen 0-0: Fly out, F4 (Line Drive, 4)
Batting: RHB Amon-Ra St. Brown 0-0: Called Strike
0-1: Called Strike
0-2: Ball
1-2: Ball
2-2: Ground out 6-3 (Groundball, 6)
Top of the 3rd over - 1 run, 1 hit, 0 errors, 0 left on base; D.C. 4 - Athletic Club KC 4
BOTTOM OF THE 3RD
Athletic Club KC batting - Pitching for D.C. Divided : LHP Bill Oulton
Batting: RHB Andrés Medina 0-0: Ball
1-0: Ball
2-0: SINGLE (Groundball, 6MD)
Batting: RHB Karl Schultz 0-0: Fly out, F7 (Flyball, 7LSF)
Batting: RHB Pedro Solís 0-0: Foul Ball, location: 2F
0-1: Swinging Strike
0-2: Foul Ball, location: 2F
0-2: Ball
1-2: Foul Ball, location: 2F
1-2: Foul Ball, location: 2F
1-2: Ball
2-2: Ball
3-2: Ground out 6-3 (Groundball, 6S)
Andrés Medina to second
Batting: LHB Wu-shun Chu 0-0: Ball
1-0: Ball
2-0: Called Strike
2-1: Ball
3-1: Swinging Strike
3-2: Base on Balls
Batting: LHB Pablo Hernández 0-0: Ball
1-0: Called Strike
1-1: Foul Ball, location: 2F
1-2: Ball
2-2: Strikes out swinging
Bottom of the 3rd over - 0 runs, 1 hit, 0 errors, 2 left on base; D.C. 4 - Athletic Club KC 4
TOP OF THE 4TH
D.C. Divided batting - Pitching for Athletic Club KC : RHP Felipe Aiba
Batting: LHB Ryan Marken 0-0: Ball
1-0: Called Strike
1-1: Ball
2-1: Foul Ball, location: 2F
2-2: Foul Ball, location: 2F
2-2: Ball
3-2: DOUBLE (Line Drive, 8LD)
Batting: LHB Elmer Hudgins 0-0: Ball
1-0: Foul Ball, location: 2F
1-1: Swinging Strike
1-2: Fly out, F3 (Popup, 3SF)
Batting: RHB Tony Romero 0-0: Called Strike
0-1: Ground out 4-3 (Groundball, 4)
Ryan Marken to third
Batting: LHB Yao-pang Chiang 0-0: Reached on error, E3 (Groundball, 34S)
Ryan Marken scores
Batting: RHB Wilbur Davis 0-0: Foul Ball, location: 2F
0-1: Ball
1-1: Fly out, F8 (Flyball, 8LD)
Top of the 4th over - 1 run, 1 hit, 1 error, 1 left on base; D.C. 5 - Athletic Club KC 4
BOTTOM OF THE 4TH
Athletic Club KC batting - Pitching for D.C. Divided : LHP Bill Oulton
Batting: RHB Khal Drogo 0-0: Ball
1-0: Ball
2-0: Swinging Strike
2-1: Ground out 1-3 (Groundball, 13S)
Batting: RHB Rafael Arredondo 0-0: Ball
1-0: Ground out 5-3 (Groundball, 56)
Batting: RHB Jesús Vargas 0-0: Ball
1-0: Called Strike
1-1: Called Strike
1-2: Ball
2-2: Fly out, F9 (Flyball, 89M)
Bottom of the 4th over - 0 runs, 0 hits, 0 errors, 0 left on base; D.C. 5 - Athletic Club KC 4
TOP OF THE 5TH
D.C. Divided batting - Pitching for Athletic Club KC : RHP Felipe Aiba
Batting: LHB Obidiah Lewis 0-0: Ball
1-0: Ball
2-0: Foul Ball, location: 2F
2-1: Foul Ball, location: 2F
2-2: Fly out, F7 (Line Drive, 78S)
Batting: RHB Arturo Rodríguez 0-0: Ball
1-0: Foul Ball, location: 2F
1-1: Foul Ball, location: 2F
1-2: TRIPLE (Flyball, 89XD)
Batting: RHB Brant Thigpen 0-0: Foul Ball, location: 2F
0-1: Called Strike
0-2: Ball
1-2: Ball
2-2: Ball
3-2: Foul Ball, location: 2F
3-2: Fly out, F8 (Flyball, 8RS)
Runner from 3rd tags up, SCORES, throw made
Batting: RHB Amon-Ra St. Brown 0-0: Ball
1-0: Foul Ball, location: 2F
1-1: Called Strike
1-2: SINGLE (Line Drive, 78S)
Pitching: LHP Ash Ibarra
Batting: LHB Ryan Marken 0-0: Ball
1-0: Ball
2-0: Called Strike
2-1: SINGLE (Line Drive, 8LS)
Amon-Ra St. Brown to second
Batting: LHB Elmer Hudgins 0-0: Foul Ball, location: 2F
0-1: Ball
Wild Pitch!
Amon-Ra St. Brown to third
Ryan Marken to second
1-1: Foul Ball, location: 2F
1-2: Strikes out looking
Top of the 5th over - 1 run, 3 hits, 0 errors, 2 left on base; D.C. 6 - Athletic Club KC 4
BOTTOM OF THE 5TH
Athletic Club KC batting - Pitching for D.C. Divided : LHP Bill Oulton
Batting: SHB Pedro Vázquez 0-0: Called Strike
0-1: Swinging Strike
0-2: Ball
1-2: Strikes out swinging
Batting: RHB Andrés Medina 0-0: Ground out 6-3 (Groundball, 6)
Batting: RHB Karl Schultz 0-0: Ball
1-0: Fly out, F3 (Popup, 34)
Bottom of the 5th over - 0 runs, 0 hits, 0 errors, 0 left on base; D.C. 6 - Athletic Club KC 4
TOP OF THE 6TH
D.C. Divided batting - Pitching for Athletic Club KC : LHP Ash Ibarra
Batting: RHB Tony Romero 0-0: Reached on error, E6 (Groundball, 6)
Batting: LHB Yao-pang Chiang 0-0: Called Strike
0-1: Grounds into double play, 4-6-3 (Groundball, 4)
Batting: RHB Wilbur Davis 0-0: SINGLE (Groundball, 56D)
Batting: LHB Obidiah Lewis 0-0: Ball
1-0: Foul Ball, location: 2F
1-1: Foul Ball, location: 2F
1-2: Foul Ball, location: 2F
1-2: Foul Ball, location: 2F
1-2: Strikes out swinging
Top of the 6th over - 0 runs, 1 hit, 1 error, 1 left on base; D.C. 6 - Athletic Club KC 4
BOTTOM OF THE 6TH
Athletic Club KC batting - Pitching for D.C. Divided : LHP Bill Oulton
Batting: RHB Pedro Solís 0-0: Called Strike
0-1: Ball
1-1: Swinging Strike
1-2: Ball
2-2: Ground out 6-3 (Groundball, 6)
Batting: LHB Wu-shun Chu 0-0: Fly out, F9 (Flyball, 89M)
Batting: LHB Pablo Hernández 0-0: Called Strike
0-1: Foul Ball, location: 2F
0-2: Ground out 5-3 (Groundball, 56)
Bottom of the 6th over - 0 runs, 0 hits, 0 errors, 0 left on base; D.C. 6 - Athletic Club KC 4
TOP OF THE 7TH
D.C. Divided batting - Pitching for Athletic Club KC : LHP Ash Ibarra
Batting: RHB Arturo Rodríguez 0-0: Ball
1-0: Ball
2-0: Foul Ball, location: 2F
2-1: Ball
3-1: Base on Balls
Batting: RHB Brant Thigpen 0-0: Ball
1-0: Ball
2-0: Ball
3-0: Called Strike
3-1: Foul Ball, location: 2F
3-2: Base on Balls
Arturo Rodríguez to second
Batting: RHB Amon-Ra St. Brown 0-0: Ball
1-0: Called Strike
1-1: Ball
2-1: Foul Ball, location: 2F
2-2: Strikes out looking
Pinch Hitting: RHB Nick Boyd 0-0: Ball
1-0: Called Strike
1-1: Swinging Strike
1-2: Strikes out looking
Pinch Hitting: RHB Roberto Maestas 0-0: Foul Ball, location: 2F
0-1: Ball
1-1: Foul Ball, location: 2F
1-2: Ground out 6-3 (Groundball, 6M)
Top of the 7th over - 0 runs, 0 hits, 0 errors, 2 left on base; D.C. 6 - Athletic Club KC 4
BOTTOM OF THE 7TH
Athletic Club KC batting - Pitching for D.C. Divided : LHP Bill Oulton
Now at SS: Nick Boyd
Now in LF: Roberto Maestas
Batting: RHB Khal Drogo 0-0: Ground out 6-3 (Groundball, 6)
Batting: RHB Rafael Arredondo 0-0: SOLO HOME RUN (Flyball, 78XD), Distance : 439 ft
Pitching: RHP Dale Kurth
Batting: RHB Jesús Vargas 0-0: Ball
1-0: Ball
2-0: Called Strike
2-1: Called Strike
2-2: Ball
3-2: Foul Ball, location: 2F
3-2: Fly out, F9 (Flyball, 9LM)
Batting: SHB Pedro Vázquez 0-0: Swinging Strike
0-1: Called Strike
0-2: Ball
1-2: Ball
2-2: Strikes out swinging
Bottom of the 7th over - 1 run, 1 hit, 0 errors, 0 left on base; D.C. 6 - Athletic Club KC 5
TOP OF THE 8TH
D.C. Divided batting - Pitching for Athletic Club KC : LHP Ash Ibarra
Pitching: RHP Raúl Luna
Batting: RHB Tony Romero 0-0: Ground out 5-3 (Groundball, 56S)
Batting: LHB Yao-pang Chiang 0-0: Ball
1-0: Ball
2-0: Ball
3-0: Base on Balls
Batting: RHB Wilbur Davis 0-0: Called Strike
0-1: Ball
1-1: Fly out, F8 (Flyball, 8LM)
Batting: LHB Obidiah Lewis 0-0: Ball
1-0: Called Strike
1-1: Foul Ball, location: 2F
1-2: Ball
2-2: Strikes out swinging
Top of the 8th over - 0 runs, 0 hits, 0 errors, 1 left on base; D.C. 6 - Athletic Club KC 5
BOTTOM OF THE 8TH
Athletic Club KC batting - Pitching for D.C. Divided : RHP Dale Kurth
Batting: RHB Andrés Medina 0-0: Swinging Strike
0-1: Swinging Strike
0-2: Ball
1-2: Ground out 1-3 (Groundball, 23)
Batting: RHB Karl Schultz 0-0: Ball
1-0: Ball
2-0: Called Strike
2-1: Swinging Strike
2-2: Foul Ball, location: 2F
2-2: Strikes out swinging
Batting: RHB Pedro Solís 0-0: Called Strike
0-1: Ball
1-1: Foul Ball, location: 2F
1-2: Ball
2-2: Ball
3-2: Foul Ball, location: 2F
3-2: Foul Ball, location: 2F
3-2: Strikes out looking
Bottom of the 8th over - 0 runs, 0 hits, 0 errors, 0 left on base; D.C. 6 - Athletic Club KC 5
TOP OF THE 9TH
D.C. Divided batting - Pitching for Athletic Club KC : RHP Raúl Luna
Batting: RHB Arturo Rodríguez 0-0: Called Strike
0-1: Ball
1-1: Called Strike
1-2: Strikes out swinging
Batting: RHB Brant Thigpen 0-0: Called Strike
0-1: Ball
1-1: Foul Ball, location: 2F
1-2: Hit by Pitch
Batting: RHB Amon-Ra St. Brown 0-0: Foul Ball, location: 2F
0-1: Foul Ball, location: 2F
0-2: Ball
1-2: Ball
2-2: Ball
3-2: Foul Ball, location: 2F
3-2: Foul Ball, location: 2F
3-2: Base on Balls
Brant Thigpen to second
Batting: RHB Nick Boyd 0-0: Grounds into double play, 4-6-3 (Groundball, 34)
Top of the 9th over - 0 runs, 0 hits, 0 errors, 1 left on base; D.C. 6 - Athletic Club KC 5
BOTTOM OF THE 9TH
Athletic Club KC batting - Pitching for D.C. Divided : RHP Dale Kurth
Pitching: RHP Roberto Silva
Batting: LHB Wu-shun Chu 0-0: Swinging Strike
0-1: Ball
1-1: Swinging Strike
1-2: Foul Ball, location: 2F
1-2: Strikes out swinging
Batting: LHB Pablo Hernández 0-0: Fly out, F6 (Line Drive, 6M)
Pinch Hitting: LHB Jesús Reyes 0-0: Ball
1-0: Fly out, F9 (Flyball, 9)
Bottom of the 9th over - 0 runs, 0 hits, 0 errors, 0 left on base; D.C. 6 - Athletic Club KC 5
Wednesday, September 19th, 2018 - OOTP Baseball 18.8 Build 76